 Dungeon Crawl Stone Soup version 0.31-a0-182-gc5ef74bbde (webtiles) character file.

Game seed: 621891701175286185

22237 qw the Cleaver (level 12, -1/77 HPs)
             Began as a Gargoyle Fighter on June 21, 2023.
             Was a High Priest of Okawaru.
             Slain by a yak (7 damage)
             ... on level 3 of the Lair of Beasts.
             The game lasted 00:05:32 (11295 turns).

qw the Cleaver (Gargoyle Fighter)                  Turns: 11295, Time: 00:05:33

Health: -1/77      AC: 34    Str: 31    XL:     12   Next: 98%
Magic:  19/19      EV: 10    Int:  9    God:    Okawaru [*****.]
Gold:   438        SH:  8    Dex:  9    Spells: 11/11 levels left

rFire   + . .        Y - +1 broad axe (pain)
rCold   . . .        b - +2 buckler
rNeg    + . .        m - +0 plate armour
rPois   inf          h - +1 helmet {SInv}
rElec   +            x - +0 cloak
rCorr   .            s - +0 pair of gloves
SInv    +            k - +2 pair of boots
Will    .....        (no amulet) Stlth
                     f - +6 ring of strength
HPRegen 0.32/turn    g - ring of protection from fire
MPRegen 0.16/turn

%: no passive effects
@: heroic
A: sickness immunity, AC +8, negative energy resistance 1, electricity
resistance, torment resistance 1, petrification resistance
a: Renounce Religion, Heroism, Finesse, Duel


You were on level 3 of the Lair of Beasts.
You worshipped Okawaru.
Okawaru was extremely pleased with you.
You visited 2 branches of the dungeon, and saw 11 of its levels.

You collected 608 gold pieces.
You spent 170 gold pieces at shops.


Innate Abilities, Weirdness & Mutations

You are immune to sickness and miasma.
Your stone body is resilient. (AC +8)
You are immune to poison.
You resist negative energy. (rN+)
You are resistant to electric shocks. (rElec)
You are resistant to unholy torment.
You are immune to petrification.


   Skills:
 - Level 10.0(15.0) Fighting
 - Level 13.1(18.1) Axes
 - Level 3.0(8.0) Throwing
 + Level 9.0(14.0) Armour
 - Level 2.1(7.1) Dodging
 - Level 6.1(11.1) Shields
 - Level 10.0 Invocations


You had 11 spell levels left.
You didn't know any spells.
Your spell library was empty.

Inventory:

Hand Weapons
 q - a +0 war axe of flaming
 v - a +1 war axe of freezing
 Y - a +1 broad axe of pain (weapon)
Missiles
 u - 6 boomerangs (quivered)
Armour
 b - a +2 buckler (worn)
 h - a +1 helmet of see invisible (worn)
 k - a +2 pair of boots (worn)
 m - a +0 plate armour (worn)
 n - the +2 crystal plate armour of Doxyigit {Will+ rCorr MP+9 Int+3}
   (Okawaru gifted it to you on level 3 of the Lair of Beasts)

   Int:       It affects your intelligence (+3).
   MP:        It affects your magic capacity (+9).
   rCorr:     It protects you from acid and corrosion.
   Will:      It increases your willpower.
 s - a +0 pair of gloves (worn)
 x - a +0 cloak (worn)
Jewellery
 e - a ring of protection from fire
 f - a +6 ring of strength (left hand)
 g - a ring of protection from fire (right hand)
 w - a +6 ring of dexterity
Wands
 l - a wand of digging (10)
Scrolls
 a - 4 scrolls of identify
Potions
 c - a potion of resistance
 d - 3 potions of might
 i - 2 potions of curing
 j - a potion of lignification
 o - a potion of mutation
 p - a potion of magic
 r - a potion of enlightenment

Dungeon Overview and Level Annotations

Branches:
Dungeon (8/15)             Temple (0/1) D:7            Lair (3/5) D:8
  Swamp (0/4) Lair:2        Snake (0/4) Lair:3

Altars:
Ashenzari
Dithmenos
Fedhas
Makhleb
Okawaru
Wu Jian

Shops:
D:4 (

Annotations:
D:5 2 runed translucent doors, qw's ghost, amateur GrFi
D:6 3 runed translucent doors, qw's ghost, novice GrFi
Lair:2 3 runed translucent doors, qw's ghost, journeyman GrFi; qw's ghost, journeyman NaHu


Message History

The five-headed hydra bites you but does no damage. x2
You barely miss the five-headed hydra.
The five-headed hydra is severely wounded.
The five-headed hydra bites you but does no damage. x2
The five-headed hydra bites you! The five-headed hydra bites you.
The five-headed hydra closely misses you.
You lop one of the five-headed hydra's heads off!
The flame cauterises the wound!
You slice the four-headed hydra!! You burn the four-headed hydra.
The four-headed hydra is almost dead.
The four-headed hydra bites you!
The four-headed hydra bites you but does no damage.
You block the four-headed hydra's attack.
The four-headed hydra bites you.
You hit the four-headed hydra but do no damage.
The four-headed hydra is almost dead.
You hit the yak. You burn the yak.
You chop one of the four-headed hydra's heads off!
The flame cauterises the wound!
You slice the three-headed hydra!! You burn the three-headed hydra.
You kill the three-headed hydra!
Okawaru accepts your kill.
You can now enter into single combat with a foe.
Okawaru will now gift you equipment as you gain piety.
You hit the yak but do no damage. You block the yak's attack.
Your base Axes skill increases to level 13!
11293 ||| SWAPPING to +1 broad axe of pain.
Your +0 war axe of flaming stops flaming.
You have a feeling of ineptitude.
Y - a +1 broad axe of pain (weapon)
You slash the yak!
The yak is moderately wounded.
You barely miss the yak. You block the yak's attack. The yak gores you!
You closely miss the yak.
The yak is moderately wounded.
You hit the yak but do no damage. The yak gores you but does no damage.
The yak gores you!
You die...

.. #.....###.~~.~#.#....
....##.... #######....#
.....##.. .###.#......#
......##.............#..
.......#.#....... #..#
........##.##..#.####...
...........###.##...%...
#...YY................
#@%...............
#.................
##.....#...........
#.#..#.#...........
##.###............. ###
##..(......##.
##.(.....## # ###....##
#....#


You could see 2 yaks.

Vanquished Creatures
  A hydra (Lair:3)
  2 death yaks (Lair:2)
  2 torpor snails
  3 black mambas
  5 cane toads
  5 elephants (Lair:2)
  7 komodo dragons
  Psyche (D:8)
  4 rime drakes
  A polar bear (D:8)
  5 dream sheep (Lair:2)
  5 blink frogs (Lair:1)
  2 wyverns
  28 yaks
  2 basilisks (Lair:2)
  4 vampire mosquitoes
  An acid dragon (D:8)
  7 water moccasins
  7 ice beasts
  3 black bears (Lair:1)
  An ogre (D:3)
  3 sky beasts
  16 wolves
  A centaur (D:6)
  2 kobold brigands (D:8)
  5 bullfrogs
  2 scorpions
  A gnoll sergeant (D:5)
  8 wights (D:8)
  3 howler monkeys (D:7)
  A crimson imp (D:6)
  3 jellies (D:4)
  4 orc priests
  A gnoll bouda (D:5)
  Jessica (D:2)
  4 hell rats (Lair:3)
  5 iguanas
  6 orc wizards
  A sleepcap (D:5)
  Natasha (D:2)
  A hound skeleton (D:3)
  2 hound zombies (D:3)
  Robin (D:2)
  6 adders
  6 gnolls
  3 white imps
  2 ufetubi
  2 adder skeletons (D:3)
  2 worms
  A dart slug (D:2)
  32 orcs
  6 ball pythons
  7 bats
  3 endoplasms
  4 giant cockroaches
  23 goblins
  9 hobgoblins
  7 jackals
  3 quokkas
  A ball python skeleton (D:3)
  2 frilled lizards (D:2)
  18 kobolds
  A quokka zombie (D:3)
306 creatures vanquished.

Notes
Turn   | Place    | Note
-------+----------+-------------------------------------------
     0 | D:1      | qw the Gargoyle Fighter began the quest for the Orb.
     0 | D:1      | Reached XP level 1. HP: 14/14 MP: 1/1
     0 | D:1      | 0 ||| qw: Version: 0.3-a-9-g12657ce
     0 | D:1      | 0 ||| qw: Game counter: 1613
     0 | D:1      | 0 ||| qw: Always use a shield: true
     0 | D:1      | 0 ||| qw: God list: Okawaru
     0 | D:1      | 0 ||| qw: Allow faded altars: false
     0 | D:1      | 0 ||| qw: Do Orc after D:15 true
     0 | D:1      | 0 ||| qw: Do second Lair branch before Depths: true
     0 | D:1      | 0 ||| qw: Lair rune preference: random
     0 | D:1      | 0 ||| qw: Plans: Normal, Zot:1-4, Slime:5, God:TSO, Crypt,
                  | Tomb, Abyss, Pan, Hells, Win
     0 | D:1      | 0 ||| PLANNING D:1-11
    39 | D:1      | Reached skill level 2 in Axes
   197 | D:1      | 197 ||| Stepping ~*~*~tactically~*~*~ (hiding).
   198 | D:1      | 198 ||| Stepping ~*~*~tactically~*~*~ (hiding).
   477 | D:1      | Reached XP level 2. HP: 19/19 MP: 2/2
   609 | D:1      | Reached skill level 3 in Axes
   664 | D:1      | Reached XP level 3. HP: 23/23 MP: 3/3
   673 | D:1      | 673 ||| DROPPING +0 club.
   911 | D:1      | 911 ||| UPGRADING to +0 helmet.
   916 | D:1      | 916 ||| UPGRADING to +2 pair of boots.
   921 | D:1      | 921 ||| DROPPING +1 pair of boots.
   922 | D:1      | 922 ||| UPGRADING to +6 ring of strength.
   925 | D:1      | 925 ||| READING 2 scrolls labelled EVVOOF LOAMA.
   926 | D:1      | 926 ||| READING scroll labelled XULIOMUEMONG.
   927 | D:1      | 927 ||| READING scroll labelled CONNAKIETA.
   931 | D:1      | 931 ||| READING scroll labelled VORREORISE.
  1176 | D:2      | Noticed Robin
  1179 | D:2      | Noticed Natasha
  1189 | D:2      | Killed Robin
  1190 | D:2      | Reached XP level 4. HP: 28/28 MP: 4/4
  1190 | D:2      | 1190 ||| Stepping ~*~*~tactically~*~*~ (stealth).
  1192 | D:2      | 1192 ||| Stepping ~*~*~tactically~*~*~ (hiding).
  1198 | D:2      | Killed Natasha
  1199 | D:2      | Reached skill level 4 in Axes
  1202 | D:2      | 1202 ||| FLEEEEING.
  1203 | D:2      | 1203 ||| FLEEEEING.
  1204 | D:2      | 1204 ||| FLEEEEING.
  1205 | D:2      | 1205 ||| FLEEEEING.
  1206 | D:2      | 1206 ||| FLEEEEING.
  1207 | D:2      | 1207 ||| FLEEEEING.
  1208 | D:2      | 1208 ||| FLEEEEING.
  1209 | D:2      | 1209 ||| FLEEEEING.
  1210 | D:2      | 1210 ||| FLEEEEING.
  1211 | D:2      | 1211 ||| FLEEEEING.
  1212 | D:2      | 1212 ||| FLEEEEING.
  1213 | D:2      | 1213 ||| FLEEEEING.
  1214 | D:2      | 1214 ||| FLEEEEING.
  1215 | D:2      | 1215 ||| FLEEEEING.
  1216 | D:2      | 1216 ||| FLEEEEING.
  1217 | D:2      | 1217 ||| FLEEEEING.
  1218 | D:2      | 1218 ||| FLEEEEING.
  1219 | D:2      | 1219 ||| FLEEEEING.
  1220 | D:2      | 1220 ||| FLEEEEING.
  1221 | D:2      | 1221 ||| FLEEEEING.
  1222 | D:2      | 1222 ||| FLEEEEING.
  1258 | D:2      | 1258 ||| Stepping ~*~*~tactically~*~*~ (stealth).
  1319 | D:2      | 1319 ||| Stepping ~*~*~tactically~*~*~ (hiding).
  1321 | D:2      | 1321 ||| Stepping ~*~*~tactically~*~*~ (hiding).
  1322 | D:2      | 1322 ||| Stepping ~*~*~tactically~*~*~ (hiding).
  1323 | D:2      | 1323 ||| Stepping ~*~*~tactically~*~*~ (hiding).
  1488 | D:2      | Noticed Jessica
  1492 | D:2      | Killed Jessica
  1493 | D:2      | Reached XP level 5. HP: 32/32 MP: 5/5
  1718 | D:2      | 1718 ||| UPGRADING to ring of protection from fire.
  1719 | D:2      | 1719 ||| READING scroll labelled SATYRE NERASM.
  1720 | D:2      | 1720 ||| READING scroll labelled ZOLUMN XYFIDO.
  1763 | D:3      | 1763 ||| Stepping ~*~*~tactically~*~*~ (stealth).
  1854 | D:3      | 1854 ||| Stepping ~*~*~tactically~*~*~ (stealth).
  1867 | D:3      | Reached skill level 5 in Axes
  2087 | D:3      | Noticed an ogre
  2098 | D:3      | Killed an ogre
  2099 | D:3      | Reached XP level 6. HP: 25/37 MP: 6/6
  2168 | D:3      | 2168 ||| Stepping ~*~*~tactically~*~*~ (hiding).
  2522 | D:3      | 2522 ||| UPGRADING to +1 helmet of see invisible.
  2532 | D:3      | 2532 ||| DROPPING +0 helmet.
  2533 | D:3      | 2533 ||| READING scroll labelled HUGYHA FUIMESM.
  2534 | D:3      | 2534 ||| DRINKING 2 emerald potions.
  2991 | D:4      | Found an iron altar of Okawaru.
  2992 | D:4      | 2992 ||| PLANNING OKAWARU WORSHIP
  2992 | D:4      | 2992 ||| UPGRADING to +0 pair of gloves.
  2997 | D:4      | 2997 ||| READING scroll labelled SINOUB IQOPP.
  2998 | D:4      | 2998 ||| READING 3 scrolls of identify.
  2998 | D:4      | 2998 ||| IDENTIFYING green potion
  2999 | D:4      | 2999 ||| READING 2 scrolls of identify.
  2999 | D:4      | 2999 ||| IDENTIFYING golden potion
  3007 | D:4      | Became a worshipper of Warmaster Okawaru
  3008 | D:4      | 3008 ||| PLANNING D:1-11
  3231 | D:4      | Found Esighom's Weapon Shop.
  3239 | D:4      | 3239 ||| BUYING +1 broad axe of pain (170 gold).
  3239 | D:4      | Bought a +1 broad axe of pain for 170 gold pieces
  3239 | D:4      | 3239 ||| SWAPPING to +1 broad axe of pain.
  3315 | D:4      | 3315 ||| DRINKING 2 fuming brown potions.
  3316 | D:4      | 3316 ||| DROPPING potion of degeneration.
  3355 | D:5      | Entered Level 5 of the Dungeon
  3407 | D:5      | Reached XP level 7. HP: 43/43 MP: 7/7
  3436 | D:5      | 3436 ||| Stepping ~*~*~tactically~*~*~ (hiding).
  3570 | D:5      | Found a shadowy altar of Dithmenos.
  3570 | D:5      | Found an ornate altar of the Wu Jian Council.
  3624 | D:5      | Reached skill level 6 in Axes
  3636 | D:5      | 3636 ||| Stepping ~*~*~tactically~*~*~ (hiding).
  3637 | D:5      | 3637 ||| Stepping ~*~*~tactically~*~*~ (hiding).
  3638 | D:5      | 3638 ||| Stepping ~*~*~tactically~*~*~ (hiding).
  3640 | D:5      | 3640 ||| Stepping ~*~*~tactically~*~*~ (hiding).
  3751 | D:5      | 3751 ||| Stepping ~*~*~tactically~*~*~ (stealth).
  3753 | D:5      | 3753 ||| Stepping ~*~*~tactically~*~*~ (stealth).
  3853 | D:5      | Found a large runed translucent door.
  3854 | D:5      | Found a large runed translucent door.
  3856 | D:5      | Noticed qw's ghost (amateur GrFi)
  3874 | D:5      | Reached * piety under Okawaru
  3894 | D:5      | 3894 ||| Stepping ~*~*~tactically~*~*~ (hiding).
  3899 | D:5      | 3899 ||| INVOKING Heroism.
  3906 | D:5      | Reached skill level 7 in Axes
  3914 | D:5      | 3914 ||| Stepping ~*~*~tactically~*~*~ (stealth).
  3921 | D:5      | 3921 ||| Stepping ~*~*~tactically~*~*~ (stealth).
  4069 | D:5      | 4069 ||| Stepping ~*~*~tactically~*~*~ (stealth).
  4094 | D:5      | 4094 ||| Stepping ~*~*~tactically~*~*~ (hiding).
  4095 | D:5      | 4095 ||| Stepping ~*~*~tactically~*~*~ (hiding).
  4107 | D:5      | Reached XP level 8. HP: 37/48 MP: 8/8
  4283 | D:5      | 4283 ||| UPGRADING to +1 ring mail of cold resistance.
  4293 | D:5      | 4293 ||| DRINKING 2 metallic emerald potions.
  4333 | D:6      | Reached skill level 1 in Invocations
  4396 | D:6      | 4396 ||| Stepping ~*~*~tactically~*~*~ (hiding).
  4398 | D:6      | 4398 ||| Stepping ~*~*~tactically~*~*~ (hiding).
  4433 | D:6      | 4433 ||| Stepping ~*~*~tactically~*~*~ (hiding).
  4434 | D:6      | 4434 ||| Stepping ~*~*~tactically~*~*~ (hiding).
  4435 | D:6      | 4435 ||| INVOKING Heroism.
  4442 | D:6      | HP: 9/49 [orc priest/divine providence (9)]
  4443 | D:6      | 4443 ||| READING scroll of teleportation.
  4444 | D:6      | 4444 ||| DRINKING potion of heal wounds.
  4446 | D:6      | Reached skill level 3 in Invocations
  4448 | D:6      | Found a burning altar of Makhleb.
  4453 | D:6      | 4453 ||| INVOKING Heroism.
  4454 | D:6      | 4454 ||| FLEEEEING.
  4499 | D:6      | 4499 ||| INVOKING Heroism.
  4501 | D:6      | Reached skill level 8 in Axes
  4670 | D:6      | 4670 ||| Stepping ~*~*~tactically~*~*~ (hiding).
  4829 | D:6      | Found a runed translucent gate.
  4830 | D:6      | Found a runed translucent gate.
  4830 | D:6      | Found a runed translucent gate.
  4947 | D:6      | Noticed qw's ghost (novice GrFi)
  4949 | D:6      | Noticed a spectral unseen horror
  4950 | D:6      | 4950 ||| DROPPING +0 scale mail.
  4951 | D:6      | 4951 ||| UPGRADING to +0 chain mail.
  4961 | D:6      | 4961 ||| READING 3 scrolls of identify.
  4961 | D:6      | 4961 ||| IDENTIFYING amethyst potion
  4962 | D:6      | 4962 ||| READING 2 scrolls of identify.
  4962 | D:6      | 4962 ||| IDENTIFYING clear potion
  4963 | D:6      | 4963 ||| DROPPING potion of invisibility.
  5046 | D:7      | Found a blossoming altar of Fedhas.
  5052 | D:7      | Noticed a wyvern
  5058 | D:7      | Reached skill level 1 in Throwing
  5064 | D:7      | 5064 ||| INVOKING Heroism.
  5070 | D:7      | Killed a wyvern
  5071 | D:7      | Reached skill level 6 in Fighting
  5071 | D:7      | Reached XP level 9. HP: 27/55 MP: 9/12
  5095 | D:7      | 5095 ||| FLEEEEING.
  5096 | D:7      | 5096 ||| FLEEEEING.
  5097 | D:7      | 5097 ||| FLEEEEING.
  5098 | D:7      | 5098 ||| FLEEEEING.
  5099 | D:7      | 5099 ||| FLEEEEING.
  5100 | D:7      | 5100 ||| FLEEEEING.
  5101 | D:7      | 5101 ||| STAIRDANCE
  5206 | D:7      | 5206 ||| Stepping ~*~*~tactically~*~*~ (stealth).
  5214 | D:7      | 5214 ||| Stepping ~*~*~tactically~*~*~ (stealth).
  5235 | D:7      | Found a staircase to the Ecumenical Temple.
  5291 | D:7      | 5291 ||| Stepping ~*~*~tactically~*~*~ (stealth).
  5295 | D:7      | 5295 ||| Stepping ~*~*~tactically~*~*~ (stealth).
  5299 | D:7      | 5299 ||| Stepping ~*~*~tactically~*~*~ (stealth).
  5306 | D:7      | Reached ** piety under Okawaru
  5568 | D:7      | 5568 ||| INVOKING Heroism.
  5614 | D:7      | 5614 ||| DROPPING +0 flail.
  5997 | D:7      | 5997 ||| UPGRADING to +2 buckler.
  6007 | D:7      | 6007 ||| DROPPING +0 buckler.
  6008 | D:7      | 6008 ||| UPGRADING to +0 plate armour.
  6018 | D:7      | 6018 ||| DROPPING +0 chain mail.
  6019 | D:7      | 6019 ||| DROPPING +1 ring mail of cold resistance.
  6020 | D:7      | 6020 ||| UPGRADING to +0 cloak.
  6025 | D:7      | 6025 ||| READING scroll labelled JOSYRH JEENA.
  6103 | D:8      | 6103 ||| Stepping ~*~*~tactically~*~*~ (hiding).
  6111 | D:8      | 6111 ||| Stepping ~*~*~tactically~*~*~ (hiding).
  6329 | D:8      | 6329 ||| FLEEEEING.
  6330 | D:8      | 6330 ||| FLEEEEING.
  6332 | D:8      | 6332 ||| FLEEEEING.
  6333 | D:8      | 6333 ||| FLEEEEING.
  6334 | D:8      | 6334 ||| FLEEEEING.
  6335 | D:8      | 6335 ||| FLEEEEING.
  6336 | D:8      | 6336 ||| FLEEEEING.
  6337 | D:8      | 6337 ||| FLEEEEING.
  6338 | D:8      | 6338 ||| FLEEEEING.
  6339 | D:8      | 6339 ||| FLEEEEING.
  6340 | D:8      | 6340 ||| FLEEEEING.
  6341 | D:8      | 6341 ||| FLEEEEING.
  6342 | D:8      | 6342 ||| FLEEEEING.
  6410 | D:8      | Noticed a polar bear
  6411 | D:8      | 6411 ||| INVOKING Heroism.
  6419 | D:8      | Killed a polar bear
  6420 | D:8      | Reached skill level 6 in Armour
  6430 | D:8      | 6430 ||| Stepping ~*~*~tactically~*~*~ (stealth).
  6440 | D:8      | Reached skill level 9 in Axes
  6460 | D:8      | 6460 ||| Stepping ~*~*~tactically~*~*~ (stealth).
  6462 | D:8      | 6462 ||| Stepping ~*~*~tactically~*~*~ (stealth).
  6463 | D:8      | Noticed a rime drake
  6464 | D:8      | Found a staircase to the Lair.
  6477 | D:8      | 6477 ||| INVOKING Heroism.
  6479 | D:8      | Killed a rime drake
  6480 | D:8      | HP: 11/57 [ice beast (10)]
  6481 | D:8      | Reached XP level 10. HP: 12/63 MP: 10/13
  6486 | D:8      | HP: 13/63 [ice beast (1)]
  6486 | D:8      | HP: 5/63 [ice beast (8)]
  6880 | D:8      | Noticed Psyche
  6881 | D:8      | 6881 ||| INVOKING Heroism.
  6884 | D:8      | Killed Psyche
  6884 | D:8      | Reached *** piety under Okawaru
  7278 | D:8      | 7278 ||| PLANNING LAIR
  7278 | D:8      | 7278 ||| READING scroll labelled KIDUOT VIAL.
  7279 | D:8      | 7279 ||| READING scroll labelled LOHODD MAYPNUWK.
  7380 | D:8      | 7380 ||| READING 3 scrolls of identify.
  7380 | D:8      | 7380 ||| IDENTIFYING murky grey potion
  7381 | D:8      | 7381 ||| DROPPING potion of berserk rage.
  7410 | Lair:1   | Entered Level 1 of the Lair of Beasts
  7436 | Lair:1   | Noticed a black mamba
  7437 | Lair:1   | 7437 ||| INVOKING Heroism.
  7452 | Lair:1   | Killed a black mamba
  7453 | Lair:1   | Reached skill level 10 in Axes
  7676 | Lair:1   | 7676 ||| INVOKING Heroism.
  7711 | Lair:1   | Noticed a cane toad
  7712 | Lair:1   | 7712 ||| INVOKING Heroism.
  7717 | Lair:1   | Killed a cane toad
  7818 | Lair:1   | Noticed a cane toad
  7819 | Lair:1   | 7819 ||| INVOKING Heroism.
  7821 | Lair:1   | Killed a cane toad
  7959 | Lair:1   | 7959 ||| INVOKING Heroism.
  8113 | Lair:1   | 8113 ||| Stepping ~*~*~tactically~*~*~ (stealth).
  8114 | Lair:1   | 8114 ||| Stepping ~*~*~tactically~*~*~ (stealth).
  8115 | Lair:1   | 8115 ||| Stepping ~*~*~tactically~*~*~ (stealth).
  8131 | Lair:1   | 8131 ||| INVOKING Heroism.
  8133 | Lair:1   | Reached XP level 11. HP: 48/68 MP: 11/14
  8133 | Lair:1   | Reached **** piety under Okawaru
  8142 | Lair:1   | 8142 ||| Stepping ~*~*~tactically~*~*~ (stealth).
  8149 | Lair:1   | 8149 ||| Stepping ~*~*~tactically~*~*~ (stealth).
  8201 | Lair:1   | 8201 ||| INVOKING Heroism.
  8202 | Lair:1   | 8202 ||| Stepping ~*~*~tactically~*~*~ (stealth).
  8241 | Lair:1   | 8241 ||| INVOKING Heroism.
  8249 | Lair:1   | Reached skill level 11 in Axes
  8316 | Lair:1   | 8316 ||| INVOKING Heroism.
  8347 | Lair:1   | 8347 ||| INVOKING Heroism.
  8427 | Lair:1   | 8427 ||| Stepping ~*~*~tactically~*~*~ (stealth).
  8430 | Lair:1   | 8430 ||| INVOKING Heroism.
  8436 | Lair:1   | Reached skill level 9 in Fighting
  8447 | Lair:1   | 8447 ||| Stepping ~*~*~tactically~*~*~ (stealth).
  8448 | Lair:1   | 8448 ||| Stepping ~*~*~tactically~*~*~ (stealth).
  8449 | Lair:1   | 8449 ||| INVOKING Heroism.
  8465 | Lair:1   | Reached skill level 9 in Armour
  8894 | Lair:1   | 8894 ||| DROPPING ring of flight.
  8895 | Lair:1   | 8895 ||| READING scroll labelled BAUSIO SOID.
  8896 | Lair:1   | 8896 ||| READING 5 scrolls of identify.
  8896 | Lair:1   | 8896 ||| IDENTIFYING white potion
  8935 | Lair:2   | 8935 ||| INVOKING Heroism.
  8953 | Lair:2   | 8953 ||| STAIRDANCE
  8955 | Lair:1   | 8955 ||| INVOKING Heroism.
  9122 | Lair:2   | 9122 ||| Stepping ~*~*~tactically~*~*~ (stealth).
  9123 | Lair:2   | 9123 ||| Stepping ~*~*~tactically~*~*~ (stealth).
  9133 | Lair:2   | Reached skill level 6 in Invocations
  9135 | Lair:2   | 9135 ||| STAIRDANCE
  9194 | Lair:2   | Found a staircase to the Swamp.
  9304 | Lair:2   | 9304 ||| INVOKING Heroism.
  9342 | Lair:2   | Received a gift from Okawaru
  9413 | Lair:2   | 9413 ||| INVOKING Heroism.
  9456 | Lair:2   | 9456 ||| DROPPING +2 flail of protection.
  9471 | Lair:2   | 9471 ||| INVOKING Heroism.
  9478 | Lair:2   | Reached skill level 12 in Axes
  9478 | Lair:2   | Reached XP level 12. HP: 76/76 MP: 15/17
  9484 | Lair:2   | 9484 ||| Stepping ~*~*~tactically~*~*~ (stealth).
  9487 | Lair:2   | 9487 ||| Stepping ~*~*~tactically~*~*~ (stealth).
  9488 | Lair:2   | 9488 ||| Stepping ~*~*~tactically~*~*~ (stealth).
  9518 | Lair:2   | 9518 ||| INVOKING Heroism.
  9625 | Lair:2   | 9625 ||| Stepping ~*~*~tactically~*~*~ (hiding).
  9626 | Lair:2   | 9626 ||| Stepping ~*~*~tactically~*~*~ (hiding).
  9627 | Lair:2   | 9627 ||| Stepping ~*~*~tactically~*~*~ (hiding).
  9628 | Lair:2   | 9628 ||| Stepping ~*~*~tactically~*~*~ (hiding).
  9676 | Lair:2   | Reached skill level 6 in Shields
  9681 | Lair:2   | 9681 ||| INVOKING Heroism.
  9696 | Lair:2   | Reached ***** piety under Okawaru
  9726 | Lair:2   | 9726 ||| INVOKING Heroism.
  9857 | Lair:2   | Reached skill level 9 in Invocations
  9857 | Lair:2   | 9857 ||| Stepping ~*~*~tactically~*~*~ (hiding).
  9979 | Lair:2   | Found a runed translucent gate.
 10060 | Lair:2   | Found a runed translucent gate.
 10061 | Lair:2   | Found a runed translucent gate.
 10065 | Lair:2   | Noticed qw's ghost (journeyman NaHu)
 10065 | Lair:2   | Noticed qw's ghost (journeyman GrFi)
 10065 | Lair:2   | Noticed qw's ghost (journeyman GrFi)
 10166 | Lair:2   | 10166 ||| Stepping ~*~*~tactically~*~*~ (hiding).
 10167 | Lair:2   | 10167 ||| Stepping ~*~*~tactically~*~*~ (hiding).
 10168 | Lair:2   | 10168 ||| Stepping ~*~*~tactically~*~*~ (hiding).
 10185 | Lair:2   | Noticed a death yak
 10186 | Lair:2   | 10186 ||| INVOKING Heroism.
 10188 | Lair:2   | Noticed a death yak
 10189 | Lair:2   | 10189 ||| Stepping ~*~*~tactically~*~*~ (stealth).
 10194 | Lair:2   | Killed a death yak
 10211 | Lair:2   | 10211 ||| INVOKING Finesse.
 10212 | Lair:2   | Killed a death yak
 10770 | Lair:2   | 10770 ||| READING 5 scrolls of identify.
 10770 | Lair:2   | 10770 ||| IDENTIFYING viscous purple potion
 10779 | Lair:3   | Found a broken altar of Ashenzari.
 10801 | Lair:3   | 10801 ||| Stepping ~*~*~tactically~*~*~ (stealth).
 10814 | Lair:3   | 10814 ||| INVOKING Heroism.
 10819 | Lair:3   | Identified the +2 crystal plate armour of Doxyigit {Will+
                  | rCorr MP+9 Int+3} (Okawaru gifted it to you on level 3 of
                  | the Lair of Beasts)
 10819 | Lair:3   | Received a gift from Okawaru
 10934 | Lair:3   | Reached skill level 3 in Throwing
 10937 | Lair:3   | 10937 ||| INVOKING Heroism.
 11051 | Lair:3   | Found a staircase to the Snake Pit.
 11222 | Lair:3   | 11222 ||| INVOKING Heroism.
 11268 | Lair:3   | 11268 ||| INVOKING Heroism.
 11276 | Lair:3   | Noticed a seven-headed hydra
 11284 | Lair:3   | 11284 ||| SWAPPING to +0 war axe of flaming.
 11290 | Lair:3   | HP: 14/77 [four-headed hydra (10)]
 11292 | Lair:3   | Killed a three-headed hydra
 11293 | Lair:3   | Reached skill level 13 in Axes
 11293 | Lair:3   | 11293 ||| SWAPPING to +1 broad axe of pain.
 11294 | Lair:3   | HP: 6/77 [yak (8)]
 11295 | Lair:3   | Slain by a yak

Levels and vault maps discovered:
D:1:      lightli_molten_gateway, layout_loops_ring
D:2:      layout_loops_ring, minmay_distorted, uniq_natasha, uniq_robin,
          uniq_jessica
D:3:      layout_basic, serial_undead, serial_undead_d, serial_undead_c,
          serial_undead_f, serial_undead_d, serial_undead_f
D:4:      cheibrodos_greedy_goblins, layout_loops_ring,
          mainiacjoe_overflow_surrounded_room, serial_shops, shop
D:5:      layout_basic, gammafunk_temple_overflow_pools,
          ebering_ghost_disaster_area
D:6:      layout_rooms, makhleb_grotto_becter, gammafunk_ghost_necromancy,
          chequers_garden
D:7:      layout_layer_cave, fedhas_altar_1, minmay_temple_entry_offerings
D:8:      layout_loops_corners, hellmonk_lair_entry_icy, enter_bailey_5,
          amcnicky_mini_rare_corridor_liquid, uniq_psyche
Lair:1:   layout_layer_cave, grunt_megastairs_5
Lair:2:   layout_hall_layers, minmay_swamp_entry_swarm,
          gammafunk_ghost_cemetery, grunt_megastairs_4
Lair:3:   hellmonk_ruined_rings, layout_cave_shapes, dummy_snake_entry,
          basic_altar

Skill      XL: |  1  2  3  4  5  6  7  8  9 10 11 12 |
---------------+-------------------------------------+-----
Axes           | 2 3 4 5 7 8 9 10 12 13 | 13.1
Dodging        | 2 |  2.1
Fighting       | 4 6 7 8 9 10 | 10.0
Invocations    | 4 7 10 | 10.0
Throwing       | 1 3 |  3.0
Armour         | 4 6 8 9 |  9.0
Shields        | 4 5 6 |  6.1

Action                     |  1- 3 |  4- 6 |  7- 9 | 10-12 || total
---------------------------+-------+-------+-------+-------++-------
  Melee: War axe           |    74 |   148 |       |     7 ||   229
         Broad axe         |       |     8 |   287 |   380 ||   675
  Throw: Boomerang         |       |       |    25 |   102 ||   127
         Javelin           |       |       |       |    23 ||    23
 Invoke: Heroism           |       |       |     8 |    26 ||    34
         Finesse           |       |       |       |     1 ||     1
    Use: Scroll            |     4 |     6 |     4 |     6 ||    20
         Potion            |       |     2 |     2 |       ||     4
 Armour: Scale mail        |    38 |    73 |    47 |       ||   158
         Ring mail         |       |       |    54 |       ||    54
         Chain mail        |       |       |    54 |       ||    54
         Plate armour      |       |       |    59 |   291 ||   350
  Dodge: Dodged            |    39 |    68 |   141 |   191 ||   439
  Block: Buckler           |    11 |    25 |    78 |   153 ||   267

Table legend:
 A = Non-vault XP
 B = Vault XP
 C = Vault XP percentage of total XP
 D = Non-vault monster count
 E = Vault monster count
 F = Vault count percentage of total count
                 A         B        C        D         E       F
            +---------+---------+-------+---------+---------+-------
      Total |   25736 |    6032 |  19.0 |     239 |      67 |  21.9
            +---------+---------+-------+---------+---------+-------
        D:1 |      40 |       0 |   0.0 |      15 |       0 |   0.0
        D:2 |      32 |     113 |  77.9 |      11 |      17 |  60.7
        D:3 |     159 |      68 |  30.0 |      17 |       7 |  29.2
        D:4 |     156 |      19 |  10.9 |       7 |      10 |  58.8
        D:5 |     633 |       0 |   0.0 |      27 |       0 |   0.0
        D:6 |     770 |      48 |   5.9 |      23 |       1 |   4.2
        D:7 |    1093 |       0 |   0.0 |      30 |       0 |   0.0
        D:8 |     957 |    1796 |  65.2 |      23 |      13 |  36.1
     Lair:1 |    5712 |    2375 |  29.4 |      26 |       9 |  25.7
     Lair:2 |   10281 |    1613 |  13.6 |      30 |      10 |  25.0
     Lair:3 |    5903 |       0 |   0.0 |      30 |       0 |   0.0
            +---------+---------+-------+---------+---------+-------
